 Dungeon Crawl Stone Soup version 0.26.1-2-gb8aa6d0cf2 (webtiles) character file.

Game seed: 7593707939361912372

5619 dohliylev the Cleaver (level 10, -2/88 HPs)
             Began as a Minotaur Berserker on Mar 24, 2021.
             Was an Elder of Trog.
             Slain by an ice devil (8 damage)
             ... summoned by an obsidian statue
             ... on level 9 of the Dungeon.
             The game lasted 00:23:13 (11506 turns).

dohliylev the Cleaver (Minotaur Berserker)         Turns: 11506, Time: 00:23:13

Health: -2/88      AC: 17    Str: 31    XL:     10   Next: 45%
Magic:  9/9        EV:  8    Int:  4    God:    Trog [****..]
Gold:   602        SH: 19    Dex: 10    Spells: 9/9 levels left

rFire    . . .     SeeInvis .   a - +0 hand axe
rCold    . . .     Faith    .   g - +0 tower shield
rNeg     + . .     Spirit   .   y - +0 chain mail of Going Fast {rN+}
rPois    .         Reflect  .   (helmet restricted)
rElec    .         Harm     .   B - +0 cloak
rCorr    .         Rampage  .   (no gloves)
Will     ++...                  r - +0 pair of boots {Fly}
Stlth    ..........             (no amulet)
HPRegen  1.24/turn              m - +4 ring of protection
MPRegen  0.11/turn              H - +6 ring of strength

@: about to teleport, flying, mesmerised, regenerating
A: retaliatory headbutt, horns 2, blurry vision 1, screaming 1, subdued magic 1
a: Stop Flying, Renounce Religion, Berserk, Trog's Hand, Brothers in Arms


You were on level 9 of the Dungeon.
You worshipped Trog.
Trog was greatly pleased with you.
You visited 1 branch of the dungeon, and saw 9 of its levels.
You also visited: Ossuary.

You collected 602 gold pieces.

Inventory:

Hand Weapons
 a - a +0 hand axe (weapon)
Missiles
 D - 13 boomerangs of dispersal
Armour
 g - a +0 tower shield (worn)
 r - a +0 pair of boots of flying (worn)
 y - the +0 chain mail of Going Fast (worn) {rN+}
   (You found it on level 7 of the Dungeon)

   It protects you from negative energy.
 A - a +2 scale mail of poison resistance
 B - a +0 cloak (worn)
Jewellery
 m - a +4 ring of protection (left hand)
 F - an uncursed ring of willpower
 H - a +6 ring of strength (right hand)
 I - an uncursed ring of poison resistance
Wands
 c - a wand of iceblast (8)
Scrolls
 b - 2 scrolls of fog
 d - 6 scrolls of teleportation
 i - 3 scrolls of magic mapping
 k - 10 scrolls of remove curse
 n - 2 scrolls of blinking
 o - 2 scrolls of enchant weapon
 p - 3 scrolls of enchant armour
 q - a scroll of identify
Potions
 e - 5 potions of invisibility
 h - a potion of heal wounds {unknown}
 j - a potion of flight {unknown}
 l - 3 potions of degeneration {unknown}
 s - 2 potions of ambrosia {unknown}
 u - a potion of resistance {unknown}
 v - 2 potions of brilliance {unknown}
 w - a potion of might {unknown}
 z - a potion of mutation {unknown}
 G - 2 potions of curing


   Skills:
 + Level 8.1 Fighting
 + Level 11.3 Axes
 + Level 8.1 Armour
 + Level 4.8 Dodging
 + Level 10.0 Shields


You had 9 spell levels left.
You didn't know any spells.
Your spell library was empty.

Dungeon Overview and Level Annotations

Branches:
Dungeon (9/15)             Temple (0/1) D:4            Lair (0/6) D:9
Ossuary (visited)
    Orc: D:9-12

Altars:
Ashenzari
Fedhas
Gozag
Kikubaaqudgha
Ru
Trog
Uskayaw
Vehumet

Annotations:
D:9 exclusion: obsidian statue


Innate Abilities, Weirdness & Mutations

You reflexively headbutt those who attack you in melee.
You have a pair of horns on your head.
Scrolls take you a little longer to read.
You occasionally shout uncontrollably at your foes.
Your spells are a little easier to cast, but a little less powerful.


Message History

You hit the smoke demon. You hit the white imp. You closely miss the quasit.
You hit the ice devil. You closely miss the neqoxec.
You block the quasit's attack. The quasit closely misses you.
The quasit barely misses you. You block the ice devil's attack.
You block the white imp's attack. The smoke demon gestures at you.
Something smites you!
* * * LOW HITPOINT WARNING * * *
The neqoxec gestures at you.
Strange energies course through your body.
You feel the urge to shout.
You slice the shadow imp!!
You kill the shadow imp!
You hit the obsidian statue but do no damage.
You hit the smoke demon. You hit the white imp but do no damage.
You hit the quasit. You closely miss the ice devil. You hit the neqoxec.
You block the quasit's attack. x3; The ice devil hits you.
* * * LOW HITPOINT WARNING * * *
The ice devil freezes you!
You die...

...## ....# ....#
############# ....#
#..##.......####
...######....[.........#
.......##..............#
.>.....................#
...............5.5.....#
...............4@35....#
...............3.8!....#
.......................#
......###..............#
.....## #.......!......#
......# #..............#
....... ...............#
....... ...........####
.......


You could see an obsidian statue (mesmerising), an ice devil (summoned), a smoke
demon (summoned), a neqoxec (summoned), an iron imp (summoned), a quasit
(summoned) and a white imp (summoned).

Vanquished Creatures
  Joseph (D:9)
  Grinder (D:4)
  A troll (D:8)
  Prince Ribbit (D:5)
  2 wraiths
  A sky beast (D:6)
  2 orc warriors
  A necrophage (D:8)
  7 ogres
  3 phantoms
  5 centaurs
  2 big kobolds (D:6)
  8 bullfrogs
  An elf zombie (D:8)
  4 scorpions
  4 killer bees (D:7)
  4 wights (D:8)
  A jelly (D:5)
  A howler monkey (D:9)
  4 human zombies (D:8)
  A quasit (D:5)
  A bullfrog zombie (D:8)
  2 hounds
  2 centaur skeletons
  A centaur zombie (D:8)
  Crazy Yiuf (D:5)
  5 bullfrog skeletons
  7 orc priests
  6 orc wizards
  An iguana (D:5)
  5 worker ants
  Terence (D:3)
  A hound skeleton (D:5)
  A mummy (Ossuary)
  A howler monkey zombie (D:8)
  A worker ant zombie (D:8)
  A howler monkey skeleton (D:7)
  8 adders
  4 gnolls (D:6)
  2 shadow imps (D:5)
  A white imp (D:5)
  An ufetubus (D:6)
  An ooze (D:1)
  2 adder skeletons
  A worm (D:2)
  2 dart slugs (D:1)
  A leopard gecko (D:1)
  24 orcs
  10 bats
  4 giant cockroaches
  5 goblins
  4 hobgoblins
  3 jackals (D:5)
  4 quokkas
  A ball python (D:1)
  3 frilled lizards
  9 gnoll skeletons (Ossuary)
  5 kobolds
  8 kobold skeletons (Ossuary)
  2 leopard gecko skeletons
  8 orc skeletons (Ossuary)
  An orc zombie (D:8)
  6 rats
212 creatures vanquished.

Vanquished Creatures (others)
  Psyche (D:9)
  4 fungi (D:9)
  4 plants (D:9)
9 creatures vanquished.

Grand Total: 221 creatures vanquished

Notes
Turn   | Place    | Note
-------+----------+-------------------------------------------
     0 | D:1      | dohliylev the Minotaur Berserker began the quest for the
                  | Orb.
     0 | D:1      | Reached XP level 1. HP: 19/19 MP: 0/0
   429 | D:1      | Reached skill level 4 in Axes
   429 | D:1      | Reached XP level 2. HP: 27/27 MP: 1/1
   950 | D:1      | Reached XP level 3. HP: 31/33 MP: 2/2
   993 | D:1      | You fall into a shaft and drop 1 floor!
  1401 | D:2      | Noticed a +0 hand axe
  1402 | D:2      | Noticed a +0 hand axe
  1404 | D:2      | Found a hide-covered altar of Uskayaw.
  2250 | D:2      | Reached XP level 4. HP: 38/41 MP: 3/3
  2373 | D:2      | Found a bloodstained altar of Trog.
  2373 | D:2      | Found a broken altar of Ashenzari.
  2375 | D:2      | Found an opulent altar of Gozag.
  2376 | D:2      | Found a sacrificial altar of Ru.
  2793 | D:3      | Reached skill level 1 in Shields
  2795 | D:3      | Noticed Terence
  2798 | D:3      | Killed Terence
  2799 | D:3      | Reached skill level 5 in Axes
  2877 | D:3      | Reached ** piety under Trog
  2961 | D:3      | Reached XP level 5. HP: 47/47 MP: 4/4
  3782 | D:4      | Found a sand-covered staircase.
  3789 | Ossuary  | Entered an ossuary
  3789 | Ossuary  | Noticed a wraith
  3789 | Ossuary  | Noticed a wraith
  3789 | Ossuary  | Noticed a wraith
  3993 | Ossuary  | Noticed a wraith
  4006 | Ossuary  | Killed a wraith
  4007 | Ossuary  | Reached skill level 6 in Axes
  4007 | Ossuary  | Reached XP level 6. HP: 55/55 MP: 5/5
  4232 | D:4      | Found a staircase to the Ecumenical Temple.
  4254 | D:4      | Reached skill level 5 in Fighting
  4497 | D:4      | Noticed Grinder
  4497 | D:4      | Paralysed by Grinder for 2 turns
  4500 | D:4      | Paralysed by Grinder for 5 turns
  4513 | D:4      | Killed Grinder
  4514 | D:4      | Reached skill level 7 in Axes
  4514 | D:4      | Reached XP level 7. HP: 60/61 MP: 6/6
  4520 | D:4      | Reached skill level 5 in Armour
  4679 | D:4      | Reached *** piety under Trog
  5334 | D:5      | Entered Level 5 of the Dungeon
  5427 | D:5      | Reached skill level 8 in Axes
  5427 | D:5      | Reached XP level 8. HP: 69/69 MP: 7/7
  5698 | D:5      | Reached skill level 5 in Shields
  5724 | D:5      | Found a radiant altar of Vehumet.
  6234 | D:5      | Reached skill level 9 in Axes
  6256 | D:5      | Found a runed translucent door.
  6257 | D:5      | Noticed Crazy Yiuf
  6264 | D:5      | Killed Crazy Yiuf
  6684 | D:5      | Noticed Prince Ribbit
  6709 | D:5      | Killed Prince Ribbit
  7223 | D:6      | Reached XP level 9. HP: 77/77 MP: 8/8
  7395 | D:6      | Reached **** piety under Trog
  8095 | D:7      | Reached skill level 10 in Axes
  8508 | D:7      | Got a twisted chain mail
  8524 | D:7      | Identified the cursed +0 chain mail of Going Fast {rN+}
                  | (You found it on level 7 of the Dungeon)
  8537 | D:7      | Found a blossoming altar of Fedhas.
  9876 | D:8      | Noticed a troll
  9899 | D:8      | Killed a troll
  9900 | D:8      | Reached XP level 10. HP: 32/86 MP: 9/9
 10273 | D:8      | Found an ancient bone altar of Kikubaaqudgha.
 11108 | D:9      | Found a staircase to the Lair.
 11181 | D:9      | Reached skill level 11 in Axes
 11190 | D:9      | Noticed Psyche
 11191 | D:9      | Noticed Joseph
 11201 | D:9      | Killed Psyche
 11243 | D:9      | Killed Joseph
 11244 | D:9      | Reached skill level 10 in Shields
 11481 | D:9      | Noticed an obsidian statue
 11486 | D:9      | Noticed a smoke demon
 11490 | D:9      | Gained mutation: Scrolls take you a little longer to read.
                  | [a neqoxec]
 11504 | D:9      | Gained mutation: Your spells are a little easier to cast,
                  | but a little less powerful. [a neqoxec]
 11505 | D:9      | Gained mutation: You occasionally shout uncontrollably at
                  | your foes. [a neqoxec]
 11506 | D:9      | Slain by an ice devil

Illustrated notes

Levels and vault maps discovered:
D:1:      elethiomel_arrival_maze, layout_basic
D:2:      layout_loops_corners, dancing_weapons_uskayaw, minitemple
D:3:      layout_basic, minmay_misc_feat_rows, uniq_terence
D:4:      layout_basic, temple_pool_b, nicolae_ossuary_entry_ruins,
          minmay_stone_trees_small, uniq_grinder
D:5:      layout_loops_ring, kennysheep_mini_moat, palyth_stone_intersect,
          guppyfry_early_orc_mine, uniq_prince_ribbit1, uniq_crazy_yiuf_cottage
D:6:      layout_gridville, minmay_unpleasant_kobolds
D:7:      layout_basic, fedhas_altar_1
D:8:      layout_layer_cave, lemuel_mausoleum_altar_kikubaaqudgha
D:9:      minmay_thinvault, layout_cave_pools, lemuel_doored_altar,
          kennysheep_mini, dpeg_oklobed_lair, minivault_16,
          kennysheep_small_circle, uniq_joseph, uniq_psyche

Skill      XL: |  1  2  3  4  5  6  7  8  9 10 |
---------------+-------------------------------+-----
Axes           | 4 5 6 7 8 9 10 11 | 11.3
Fighting       | 4 5 6 7 8 |  8.1
Shields        | 1 2 3 4 6 8 10 | 10.0
Armour         | 3 4 5 6 7 8 |  8.1
Dodging        | 3 4 |  4.8

Action                   |  1- 3 |  4- 6 |  7- 9 | 10-12 || total
-------------------------+-------+-------+-------+-------++-------
Melee: Hand axe          |    99 |   107 |   399 |   158 ||   763
       Headbutt          |     6 |    27 |    73 |    54 ||   160
Invok: Berserk           |     1 |     5 |    11 |     2 ||    19
       Trog's Hand       |       |       |     2 |     2 ||     4
  Use: Scroll            |       |       |     2 |    14 ||    16
 Stab: Sleeping          |     1 |       |       |       ||     1
Armor: Animal skin       |    12 |       |       |       ||    12
       Ring mail         |    11 |    21 |     3 |       ||    35
       Chain mail        |       |       |   117 |    72 ||   189
Dodge: Dodged            |    51 |    17 |    45 |    27 ||   140
Block: Tower shield      |    48 |    67 |   299 |   161 ||   575
